 Dungeon Crawl Stone Soup version 0.25-a0-365-g7600c65aa0 (webtiles) character file.

Game seed: 3948189531827355438, levelgen mode: deterministic

51 Gildeon the Scratcher (level 3, -3/16 HPs)
             Began as a Felid Transmuter on Jan 5, 2020.
             Slain by an orc
             ... wielding a +0 mace
              (4 damage)
             ... on level 3 of the Dungeon.
             The game lasted 00:09:21 (2958 turns).

Gildeon the Scratcher (Felid Transmuter)            Turns: 2958, Time: 00:09:23

Health: -3/16      AC:  1    Str:  7    XL:     3   Next: 58%
Magic:  0/7        EV: 19    Int: 14    God:
Gold:   73         SH:  0    Dex: 16    Spells: 0/6 levels left
                                        Lives:  0   Deaths: 1

rFire    . . .     SeeInvis +     - Unarmed
rCold    . . .     Gourm    .   (shield unavailable)
rNeg     . . .     Faith    .   (armour unavailable)
rPois    .         Spirit   .   (helmet unavailable)
rElec    .         Reflect  .   (cloak unavailable)
rCorr    .         Harm     .   (gloves unavailable)
MR       .....                  (boots unavailable)
Stlth    +++.......             (no amulet)
HPRegen  0.05/turn              k - ring of flight
MPRegen  0.10/turn              (no ring)

@: quick
A: very small, no armour, no weapons or thrown items, stealth, claws 1, fangs 3,
see invisible, carnivore, speed 1, shaggy fur 1, slow metabolism 1, sharp paws
a: Evoke Flight


You were on level 3 of the Dungeon.
You were very full.

You visited 1 branch of the dungeon, and saw 3 of its levels.

You collected 73 gold pieces.

Inventory:

Missiles
 a - 31 arrows
Jewellery
 k - a ring of flight (left paw)
Scrolls
 b - 3 scrolls of teleportation
 j - a scroll of remove curse
Potions
 d - 2 potions of haste
 e - 2 potions of heal wounds {unknown}
 g - a potion of degeneration {unknown}
 i - a potion of curing {unknown}
 m - a potion of agility {unknown}
Comestibles
 c - 6 rations


   Skills:
 + Level 1.9 Fighting
 + Level 3.5 Dodging
 + Level 2.5 Stealth
 + Level 3.5 Unarmed Combat
 + Level 2.4 Spellcasting
 + Level 2.9 Transmutations


You couldn't memorise any spells.
You knew the following spells:

 Your Spells              Type           Power        Failure   Level  Hunger
a - Beastly Appendage     Tmut           #.....       7%          1    #......
b - Sticks to Snakes      Tmut           #.......     11%         2    ###....
c - Spider Form           Tmut/Pois      #.........   36%         3    ###....

Your spell library contained the following spells:

 Spells                   Type           Power        Failure   Level  Hunger
 Ice Form                 Ice/Tmut       #.......     77%         4    #####..
 Blade Hands              Tmut           #.........   88%         5    ######.


Dungeon Overview and Level Annotations

Branches:
Dungeon (3/15)

Altars:
Okawaru


Innate Abilities, Weirdness & Mutations

You cannot wear armour.
You are incapable of wielding weapons or throwing items.
Your paws allow you to move quietly. (Stealth)
You have sharp claws.
You have razor-sharp teeth.
You have supernaturally acute eyesight. (SInv)
You are carnivorous and can eat meat at any time.
You cover ground quickly.
You are covered in fur. (AC +1)
You have a slow metabolism.
Your sharp claws are effective at attacking unaware monsters.


Message History

You kill the orc!
The orc hits your ball python with a +0 mace.
Your ball python dies!
Casting: Sticks to Snakes (safe; 11% risk of failure)
Confirm with . or Enter, or press ? or * to list all spells.
You create a snake!
You now have 31 arrows.
The orc wizard barely misses you. The orc wizard casts a spell at you.
The puff of frost misses you.
You scratch the orc but do no damage. Your bite misses the orc.
The orc wizard hits you but does no damage.
The orc misses you.
Your ball python bites the orc but does no damage.
Your ball python barely misses the orc.
You closely miss the orc. The orc wizard closely misses you.
Your ball python bites the orc.
Your ball python grabs the orc.
Your ball python constricts the orc.
The orc wizard hits you with a +0 dagger.
* * * LOW HITPOINT WARNING * * *
The orc hits you with a +0 mace.
You die...

*,* ##.# *,* *,* #.## *.#
*,* #..# #.# *,* ##.###.#
*,* #..##.# *,* ##.##.#
*****,*** #..#.# ,,,,,,,,*
##.#S# *****,*,* #@o.# *,*,*
##ow# *****,*,* #..#########
,,,,,,*,* ##.........#
,******,*********#########†#
,* *,,,,,,,,,,,,,,* #o# ,*
**************,* #o# ,* *,*
#o# ,* *,****#.#


You could see a worm, an orc wizard (invisible), an orc and a friendly ball
python.

Vanquished Creatures
  An orc wizard (D:3)
  An adder (D:3)
  An ooze (D:1)
  A dart slug (D:1)
  2 leopard geckos
  4 orcs (D:3)
  2 giant cockroaches
  7 goblins
  8 hobgoblins
  2 jackals (D:1)
  A ball python (D:2)
  11 bats
  4 frilled lizards
  5 kobolds
  10 rats
60 creatures vanquished.

Notes
Turn   | Place    | Note
-------+----------+-------------------------------------------
     0 | D:1      | Gildeon the Felid Transmuter began the quest for the Orb.
     0 | D:1      | Reached XP level 1. HP: 9/9 MP: 4/4
   193 | D:1      | Reached XP level 2. HP: 10/12 MP: 4/6
   209 | D:1      | Learned a level 2 spell: Sticks to Snakes
   446 | D:1      | Reached skill level 1 in Stealth
  1036 | D:1      | Reached XP level 3. HP: 8/15 MP: 5/7
  1180 | D:1      | Learned a level 3 spell: Spider Form
  1834 | D:2      | Found an iron altar of Okawaru.
  2618 | D:3      | Reached XP level 4. HP: 7/19 MP: 6/8
  2926 | D:3      | Slain by an orc
  2927 | D:3      | Reached XP level 3. HP: -1/16 MP: 6/7
  2958 | D:3      | Slain by an orc

Levels and vault maps discovered:
D:1:      shiori_arrival_maze, layout_basic
D:2:      minmay_angry_zag, layout_loops_cross, okawaru_gym_becter,
          serial_glass, glass_columns_b, glass_columns_b
D:3:      lemuel_upstairs_altar, layout_basic, first_ration, uniq_grinder

Skill      XL: |  1  2  3 |
---------------+----------+-----
Stealth        | 1 2 |  2.5
Dodging        | 3 |  3.5
Fighting       | |  1.9
Unarmed Combat | |  3.5
Spellcasting   | |  2.4
Transmutations | |  2.9

Action                   |  1- 3 |  4- 6 || total
-------------------------+-------+-------++-------
Melee: Unarmed           |   175 |    21 ||   196
       Bite              |    13 |     3 ||    16
       Headbutt          |     5 |     4 ||     9
       Punch             |     1 |       ||     1
 Cast: Beastly Appendage |     7 |     2 ||     9
       Sticks to Snakes  |     4 |     1 ||     5
  Use: Scroll            |     6 |       ||     6
 Stab: Sleeping          |    14 |       ||    14
  Eat: Chunk             |    15 |       ||    15
Armor: Skin              |    14 |       ||    14
Dodge: Dodged            |   175 |    13 ||   188

Table legend:
 A = Non-vault XP
 B = Vault XP
 C = Vault XP percentage of total XP
 D = Non-vault monster count
 E = Vault monster count
 F = Vault count percentage of total count
                 A         B        C        D         E       F
            +---------+---------+-------+---------+---------+-------
      Total |     145 |      10 |   6.5 |      52 |       8 |  13.3
            +---------+---------+-------+---------+---------+-------
        D:1 |      48 |       3 |   5.9 |      25 |       2 |   7.4
        D:2 |      29 |       7 |  19.4 |      19 |       6 |  24.0
        D:3 |      68 |       0 |   0.0 |       8 |       0 |   0.0
            +---------+---------+-------+---------+---------+-------
